AoeStats
← Martin

Arena

504158157Analyzed
3v3 RM · 29d ago on Sep 4, 2026· 54m 27s· 6 players
Game mode
Random Map
Map size
Normal (6 player)
Population
200
Speed
Normal
Resources
Standard
Victory
Conquest
Starting age
Dark Age
Ending age
Imperial Age
RankedLock teamsTeams togetherTeam positionsShared explorationLock speedFull tech treeHidden civsTurbo modeCheats
Victory
Defeat
🇺🇸 Persians · United States
809
+12
🇨🇿 Byzantines · Czechia
753
+14
🇵🇪 Portuguese · Peru
726
+15
🇨🇱 Teutons · Chile
792
-41
🇨🇱 Chinese · Chile
670
-12
🇨🇱 Jurchens · Chile
667
-12
kaiju
10:33 Feudal Age
11:34 Double-Bit Axe
16:18 Castle Age
14:13 Horse Collar
15:29 Stone Mining
17:37 Wheelbarrow
17:26 Bow Saw
18:17 Hand Cart
18:17 Loom
19:13 Stone Shaft Mining
21:07 Gold Mining
23:07 Gold Shaft Mining
23:24 Forging
26:19 Padded Archer Armor
29:21 Imperial Age
27:44 Hand Cart
28:08 Iron Casting
27:49 Leather Archer Armor
28:01 Bloodlines
29:05 Thumb Ring
29:21 Crossbowman
31:33 Two-Man Saw
30:37 Heavy Plow
31:11 Ring Archer Armor
30:32 Fletching
31:44 Kamandaran
31:24 Cavalier
32:58 Husbandry
32:56 Bodkin Arrow
34:01 Blast Furnace
34:36 Ballistics
35:17 Chemistry
34:24 Scale Barding Armor
35:54 Crop Rotation
36:53 Conscription
36:13 Savar
36:53 Town Watch
37:34 Chain Barding Armor
40:55 Light Cavalry
43:53 Caravan
45:48 Town Patrol
46:25 Plate Barding Armor
46:09 Citadels
46:37 Hoardings
47:32 Hussar
Spouter
0:35 Loom
13:30 Feudal Age
18:09 Castle Age
16:30 Double-Bit Axe
16:27 Horse Collar
16:49 Stone Mining
17:16 Gold Mining
19:02 Wheelbarrow
19:26 Bow Saw
19:18 Heavy Plow
20:54 Fletching
27:02 Gold Shaft Mining
28:15 Forging
28:38 Scale Barding Armor
30:16 Iron Casting
30:01 Chain Barding Armor
30:29 Caravan
32:15 Stone Shaft Mining
32:13 Chain Barding Armor
33:08 Hand Cart
36:04 Imperial Age
33:55 Hand Cart
33:24 Treadmill Crane
34:05 Ballistics
34:25 Scale Mail Armor
34:21 Bodkin Arrow
34:26 Padded Archer Armor
35:48 Chain Mail Armor
35:53 Fervor
36:25 Devotion
36:46 Husbandry
38:54 Chemistry
38:05 Fortified Wall
38:33 Plate Barding Armor
38:01 Elite Cataphract
39:17 Hoardings
38:04 Light Cavalry
38:17 Cavalier
40:07 Crop Rotation
40:47 Two-Man Saw
39:59 Hussar
40:46 Paladin
41:59 Conscription
43:18 Crossbowman
44:03 Thumb Ring
44:08 Elite Skirmisher
46:00 Heavy Camel Rider
47:49 Capped Ram
50:44 Arbalester
52:54 Guilds
53:14 Coinage
53:13 Illumination
53:08 Sanctity
53:25 Theocracy
53:25 Heavy Cavalry Archer
53:32 Onager
53:33 Siege Ram
53:36 Pikeman
54:17 Squires
54:02 Gambesons
53:38 Man-at-Arms
54:03 Arson
54:12 Guard Tower
54:43 Bombard Tower
54:08 Arrowslits
54:19 Murder Holes
54:34 Clinker Construction
54:45 Shipwright
Yuls37
0:32 Loom
11:08 Feudal Age
20:36 Castle Age
18:51 Horse Collar
19:01 Double-Bit Axe
20:37 Stone Mining
21:55 Bow Saw
33:23 Wheelbarrow
32:34 Town Watch
35:33 Imperial Age
33:37 Fortified Wall
33:48 Ballistics
33:39 Masonry
36:00 Heavy Plow
36:41 Stone Shaft Mining
35:57 Gold Mining
35:58 Elite Organ Gun
38:10 Chemistry
37:41 Architecture
37:34 Hand Cart
38:25 Circumnavigation
38:25 Arquebus
38:40 Scale Mail Armor
38:45 Scale Barding Armor
38:46 Town Patrol
41:20 Capped Ram
43:53 Coinage
43:25 Caravan
44:07 Murder Holes
44:38 Padded Archer Armor
44:48 Forging
44:10 Pikeman
48:22 Siege Engineers
50:01 Onager
Hugojugo
6:55 Loom
9:34 Feudal Age
10:00 Double-Bit Axe
10:11 Horse Collar
22:59 Castle Age
21:16 Stone Mining
21:16 Gold Mining
24:46 Bow Saw
24:47 Fletching
26:56 Gold Shaft Mining
26:58 Stone Shaft Mining
27:42 Heavy Plow
32:34 Fortified Bastions
32:53 Bodkin Arrow
33:00 Padded Archer Armor
33:33 Pikeman
39:35 Imperial Age
38:42 Leather Archer Armor
40:30 Thunderclap Bombs
40:43 Conscription
40:40 Halberdier
44:07 Scale Mail Armor
48:33 Bracer
50:43 Scale Barding Armor
50:49 Forging
Martin
10:24 Feudal Age
10:52 Double-Bit Axe
11:09 Horse Collar
13:34 Gold Mining
21:11 Castle Age
19:10 Stone Mining
20:17 Forging
20:07 Scale Mail Armor
22:57 Stone Shaft Mining
23:35 Wheelbarrow
23:13 Gambesons
22:50 Man-at-Arms
24:19 Long Swordsman
25:07 Squires
28:58 Bow Saw
31:01 Caravan
30:52 Arson
31:32 Town Watch
32:02 Hand Cart
31:37 Town Watch
35:34 Iron Casting
34:59 Scale Mail Armor
38:08 Imperial Age
37:33 Chain Mail Armor
37:12 Fletching
36:47 Elite Skirmisher
37:56 Pikeman
41:23 Ballistics
40:54 Guard Tower
41:36 Halberdier
45:31 Blast Furnace
45:01 Plate Mail Armor
45:10 Crossbowman
49:50 Chemistry
Garek
0:52 Loom
9:57 Feudal Age
10:27 Double-Bit Axe
13:22 Gold Mining
13:23 Stone Mining
13:47 Town Watch
21:44 Castle Age
19:55 Horse Collar
24:22 Padded Archer Armor
24:12 Fletching
26:06 Leather Archer Armor
25:47 Bodkin Arrow
27:45 Town Patrol
28:20 Wheelbarrow
29:35 Bow Saw
33:36 Imperial Age
31:01 Guard Tower
32:41 Caravan
33:07 Hand Cart
34:48 Great Wall
36:37 Chemistry
36:03 Ballistics
36:21 Keep
35:59 Fortified Wall
36:51 Two-Man Saw
36:40 Stone Shaft Mining
36:43 Arrowslits
37:34 Keep
36:57 Murder Holes
37:07 Heavy Plow
41:30 Ring Archer Armor
41:00 Bracer
45:19 Elite Chu Ko Nu
47:03 Conscription
49:24 Chemistry
Connection lost

Rejoining the realm…

Still unreachable

The connection could not be restored.

Session expired

The server has moved on; the page needs a fresh start.